 Dungeon Crawl Stone Soup version 0.31-a0-557-g6e16503903 (webtiles) character file.

Game seed: 132495894421735957

94 javelincjr the Conjurer (level 4, -2/28 HPs)
             Began as an Octopode Conjurer on Aug 16, 2023.
             Slain by Sigmund
             ... wielding a +2 scythe of flaming
              (5 damage)
             ... on level 3 of the Dungeon.
             The game lasted 00:07:07 (2402 turns).

javelincjr the Conjurer (Octopode Conjurer)         Turns: 2402, Time: 00:07:08

Health: -2/28      AC:  1    Str:  6    XL:     4   Next: 63%
Magic:  3/7        EV: 28    Int: 22    God:
Gold:   98         SH:  0    Dex: 10    Spells: 5/8 levels left

rFire   . . .        c - +2 whip (venom)
rCold   . . .        (no shield)
rNeg    . . .        (helmet restricted)
rPois   .            b - amulet of the acrobat
rElec   .            (no ring)
rCorr   .            (no ring)
SInv    .            (no ring)
Will    .....        (no ring)
Stlth   +++          (no ring)
HPRegen 0.24/turn    (no ring)
MPRegen 0.10/turn    (no ring)
                     (no ring)

%: acrobat
@: on berserk cooldown, acrobatic, slowed, very slow
A: almost no armour, amphibious, 8 rings, camouflage 1, gelatinous body 1,
(nimble swimmer 1), tentacles
a: no special abilities


You were on level 3 of the Dungeon.
You visited 1 branch of the dungeon, and saw 3 of its levels.

You collected 98 gold pieces.

Inventory:

Hand Weapons
 c - a +2 whip of venom (weapon)
Missiles
 l - 2 throwing nets
Jewellery
 b - an amulet of the acrobat (around mantle)
Scrolls
 d - a scroll of teleportation {unknown}
 e - a scroll of fog {unknown}
 g - 2 scrolls of poison {unknown}
 j - a scroll of revelation {unknown}
 k - a scroll of identify {unknown}
 n - 3 scrolls of fear {unknown}
Potions
 a - a potion of magic
 h - a potion of ambrosia {unknown}
 i - a potion of lignification {unknown}
 m - a potion of mutation {unknown}


   Skills:
 + Level 1.3 Fighting
 + Level 0.9 Maces & Flails
 + Level 2.7 Dodging
 + Level 3.9 Stealth
 + Level 2.5 Spellcasting
 + Level 4.3 Conjurations


You had 5 spell levels left.
You knew the following spells:

 Your Spells              Type           Power      Damage    Failure   Level
a - Magic Dart            Conj           84%        1d7       2%          1
b - Searing Ray           Conj           42%        2d6       3%          2

Your spell library contained the following spells:

 Spells                   Type           Power      Damage    Failure   Level
 Dazzling Flash           Conj/Hex       24%        N/A       16%         3
 Ensorcelled Hibernation  Hex/Ice        4%         N/A       21%         2
 Lesser Beckoning         Tloc           4%         N/A       21%         2
 Passwall                 Tmut/Erth      1%         N/A       21%         2
 Gell's Gravitas          Tloc           2%         N/A       36%         3
 Swiftness                Air            2%         N/A       36%         3
 Teleport Other           Tloc           2%         N/A       36%         3
 Fulminant Prism          Conj/Hex       6%         3d7       47%         4
 Iskenderun's Mystic Bla  Conj/Tloc      12%        2d5       47%         4


Dungeon Overview and Level Annotations

Branches:
Dungeon (3/15)

Altars:
Gozag
Ru

Shops:
D:2 [

Annotations:
D:3 Sigmund


Innate Abilities, Weirdness & Mutations

You cannot wear most types of armour.
You are amphibious.
You can wear up to eight rings at the same time.
Your skin changes colour to match your surroundings (Stealth+).
Your rubbery body absorbs attacks. (AC +1, EV +1)
((You are camouflaged when in or above water. (Stealth+)))
You have tentacles for arms and can constrict up to eight enemies at once.


Message History

You now have 95 gold pieces (gained 2).
You now have 96 gold pieces (gained 1).
You now have 98 gold pieces (gained 2).
n - 3 scrolls labelled SYOMAT OMIRUBE
Found a stone staircase leading up.
Sigmund the Dreaded comes into view.
He is wielding a +2 scythe of flaming.
Okay, then.
Sigmund closely misses you.
You see here 9 gold pieces.
Sigmund points at you and mumbles some strange words.
You are confused.
Sigmund breathes a few words.
Sigmund's hands start flickering wildly.
Sigmund mumbles some strange words.
Sigmund flickers and vanishes!
Deactivating autopickup; reactivate with Ctrl-A.
Something hits you! Something burns you.
It was a potion of berserk rage.
A red film seems to cover your vision as you go berserk!
You feel yourself moving faster!
You feel mighty!
You bump into the rock wall.
You feel a strong urge to attack something.
Something hits you. Something burns you.
You feel less confused.
You feel your anger nearly subside.
You are no longer berserk.
You are exhausted.
You feel yourself slow down. Something barely misses you.
You barely miss something. Something hits you!
* * * LOW HITPOINT WARNING * * *
Something burns you.
* * * LOW HITPOINT WARNING * * *
Casting: Magic Dart (safe; 2% risk of failure)
Confirm with . or Enter, or press ? or * to list all spells.
Aiming: Searing Ray (safe; 3% risk of failure)
Press: ? - help, Shift-Dir - straight line (Press . to maintain the ray.)
Something barely misses you.
The searing ray hits something.
Something closely misses you.
The searing ray hits something!
Something hits you.
You die...

### ######### ##.##
###.......# #.#.##########
#....≈≈≈..## .#...>.......#
#@#$≈≈≈≈≈..##
#....#######.#
#.{.≈≈_≈≈...# #..##.##
#.###.#.≈§.≈≈.#.# .#.###.#
#.......≈≈.≈≈†#.######
....##.###
#<#####.≈≈.§≈.........
.†))<....#
#.......≈...§..†......
#..).....#
#.#####§≈.8.≈..#####..
##...#...###.#####........#
#%.
...................#..###.#
#..


There were no monsters in sight!

Vanquished Creatures
  Robin (D:3)
  An adder (D:3)
  A worm (D:2)
  2 dart slugs
  6 ball pythons
  4 bats
  An endoplasm (D:2)
  3 giant cockroaches
  10 goblins (D:3)
  9 hobgoblins
  6 jackals
  4 kobolds
  A quokka (D:2)
  6 frilled lizards
  9 rats
64 creatures vanquished.

Notes
Turn   | Place    | Note
-------+----------+-------------------------------------------
     0 | D:1      | javelincjr the Octopode Conjurer began the quest for the
                  | Orb.
     0 | D:1      | Reached XP level 1. HP: 11/11 MP: 3/3
   173 | D:1      | Reached XP level 2. HP: 17/17 MP: 0/5
   693 | D:1      | Learned a level 2 spell: Searing Ray
   848 | D:1      | Reached XP level 3. HP: 19/22 MP: 6/6
  1170 | D:2      | Found Nuavecat's Armour Boutique.
  1879 | D:3      | Reached skill level 1 in Fighting
  1882 | D:3      | Noticed Robin
  1884 | D:3      | Reached XP level 4. HP: 28/28 MP: 0/7
  1891 | D:3      | Killed Robin
  2322 | D:3      | Found a sacrificial altar of Ru.
  2326 | D:3      | Found an opulent altar of Gozag.
  2361 | D:3      | Noticed Sigmund
  2402 | D:3      | Slain by Sigmund

Illustrated notes

Levels and vault maps discovered:
D:1:      heliophobic_arrival_glass_houses, layout_basic
D:2:      layout_basic, serial_shops, shop
D:3:      layout_loops_ring, nicolae_gozag_seed_capital,
          mainiacjoe_overflow_catwalk, kennysheep_generic_room_10, uniq_sigmund,
          uniq_robin

Skill      XL: |  1  2  3 |
---------------+----------+-----
Stealth        | 3 |  3.9
Fighting       | 1 |  1.3
Maces & Flails | |  0.9
Dodging        | |  2.7
Spellcasting   | |  2.5
Conjurations   | |  4.3

Action                     |  1- 3 |  4- 6 || total
---------------------------+-------+-------++-------
  Melee: Whip              |    35 |    18 ||    53
         Constrict         |    12 |     4 ||    16
         Tentacles         |     6 |     5 ||    11
         Punch             |       |     1 ||     1
   Cast: Magic Dart        |    57 |    10 ||    67
         Searing Ray       |     2 |     1 ||     3
    Use: Potion            |       |     1 ||     1
   Stab: Sleeping          |     3 |     1 ||     4
 Armour: Skin              |     5 |     1 ||     6
  Dodge: Dodged            |    26 |    12 ||    38

Table legend: (Time is in decaauts)
 A = Elapsed time spent in this place.
 B = Non-inter-level travel time spent in this place.
 C = Inter-level travel time spent in this place.
 D = Time resting spent in this place.
 E = Time spent auto-exploring this place.
 F = Levels seen in this place.
 G = Mean time per level.
                   A        B        C        D        E       F      G
               +--------+--------+--------+--------+--------+-----+--------+
         Total |   2406 |   2406 |      0 |     15 |   1929 |   3 |  802.0 |
       Dungeon |   2406 |   2406 |      0 |     15 |   1929 |   3 |  802.0 |
               +--------+--------+--------+--------+--------+-----+--------+

Top non-repeatable levels by time:
     D:1: 999 daAuts
     D:2: 874 daAuts
     D:3: 533 daAuts
